2501 views
Uploaded 2021-10-13 01:28:55
Game version 1.32.10
16:45 long 4on4 ladder game on (8)Battleground_LV
Saved by lowlyworm
2501 views
Uploaded 2021-10-13 01:28:55
Game version 1.32.10
16:45 long 4on4 ladder game on (8)Battleground_LV


163 units @ 23.5k
/ 3k
67 buildings @ 9.5k
/ 3.3k



| Healing Salve | 2 | 200 |
| Scroll of Speed | 2 | 100 |
| Lesser Clarity Potion | 2 | 140 |
| Scroll of Town Portal | 2 | 700 |
| Potion of Lesser Invulnerability | 1 | 150 |
| total: | 9 | 1290g |
| Peon | 18 | 1350 | / | 0 |
| Troll Headhunter | 20 | 2800 | / | 400 |
| Spirit Walker | 4 | 780 | / | 140 |
| Tauren | 4 | 1120 | / | 320 |
| Troll Berserker | 1 | 140 | / | 20 |
| total: | 47 | 6190g | / | 880w |
| Orc Burrow | 6 | 960 | / | 240 |
| Barracks | 1 | 180 | / | 50 |
| War Mill | 2 | 410 | / | 0 |
| Altar of Storms | 1 | 180 | / | 50 |
| Voodoo Lounge | 2 | 260 | / | 60 |
| Great Hall | 1 | 385 | / | 185 |
| Tauren Totem | 2 | 270 | / | 310 |
| Stronghold | 1 | 315 | / | 190 |
| Fortress | 1 | 325 | / | 190 |
| total: | 15 | 2645g | / | 895w |
| 0:04 | Peon |
| 0:04 | Peon |
| 0:10 | Peon |
| 0:20 | Orc Burrow |
| 0:35 | Barracks |
| 0:42 | Peon |
| 0:51 | War Mill |
| 1:04 | Peon |
| 1:07 | Altar of Storms |
| 1:24 | Peon |
| 1:24 | Peon |
| 1:43 | Peon |
| 1:55 | Orc Burrow |
| 2:02 | Peon |
| 2:09 | Voodoo Lounge |
| 2:25 | Troll Headhunter |
| 2:37 | Cleaving Attack |
| 2:45 | Troll Headhunter |
| 3:03 | Troll Headhunter |
| 3:13 | Healing Salve |
| 3:13 | Scroll of Speed |
| 3:19 | Troll Headhunter |
| 3:40 | Orc Burrow |
| 3:48 | Troll Headhunter |
| 3:53 | Peon |
| 4:02 | Howl of Terror |
| 4:16 | Troll Headhunter |
| 4:39 | Great Hall |
| 4:54 | Orc Burrow |
| 5:32 | Troll Headhunter |
| 5:33 | Stronghold |
| 5:47 | Voodoo Lounge |
| 6:08 | Howl of Terror |
| 6:37 | Troll Headhunter |
| 7:16 | Troll Headhunter |
| 7:20 | Peon |
| 7:20 | Peon |
| 7:20 | Peon |
| 7:30 | Troll Headhunter |
| 8:04 | Troll Regeneration |
| 8:08 | Reinforced Defenses |
| 8:36 | Tauren Totem |
| 8:40 | Troll Headhunter |
| 9:13 | Healing Wave |
| 9:17 | Peon |
| 9:17 | Peon |
| 9:17 | Peon |
| 9:19 | Troll Headhunter |
| 9:48 | Troll Headhunter |
| 9:48 | Fortress |
| 10:10 | Troll Headhunter |
| 10:10 | Troll Headhunter |
| 10:33 | Troll Headhunter |
| 10:34 | Spirit Walker |
| 10:35 | Spirit Walker Adept Training |
| 10:59 | Troll Headhunter |
| 11:03 | Steel Ranged Weapons |
| 11:28 | Troll Headhunter |
| 11:30 | Orc Burrow |
| 11:31 | Orc Burrow |
| 11:37 | Steel Armor |
| 11:48 | Troll Headhunter |
| 12:11 | Berserker Upgrade |
| 12:20 | Healing Salve |
| 12:21 | Lesser Clarity Potion |
| 12:24 | Frost Arrows |
| 12:47 | Troll Headhunter |
| 12:49 | Spirit Walker Master Training |
| 12:50 | Tauren Totem |
| 13:02 | Tauren |
| 13:06 | Peon |
| 13:07 | Peon |
| 13:08 | War Mill |
| 13:25 | Scroll of Town Portal |
| 13:26 | Potion of Lesser Invulnerability |
| 14:36 | Spirit Walker |
| 14:39 | Scroll of Town Portal |
| 14:56 | Lesser Clarity Potion |
| 14:56 | Scroll of Speed |
| 14:59 | Troll Berserker |
| 15:00 | Pulverize |
| 15:02 | Spirit Walker |
| 15:22 | Tauren |
| 15:24 | Tauren |
| 16:14 | Spirit Walker |
| 16:15 | Tauren |
| 16:24 | Hex |
| Right click | 1042 |
| Select | 493 |
| Select group | 242 |
| Build/train/purchase | 100 |
| Assign group | 36 |
| Use ability | 30 |
| Minimap ping | 11 |
| Misc. action | 9 |
| Resource trade | 5 |
| Esc | 3 |
| Item give/drop | 1 |



| Rod of Necromancy | 4 | 600 |
| Orb of Corruption | 1 | 375 |
| Dust of Appearance | 1 | 75 |
| total: | 6 | 1050g |
| Acolyte | 14 | 1050 | / | 0 |
| Ghoul | 3 | 360 | / | 0 |
| Crypt Fiend | 10 | 2150 | / | 400 |
| Obsidian Statue | 7 | 1400 | / | 245 |
| Gargoyle | 1 | 175 | / | 30 |
| Abomination | 2 | 480 | / | 140 |
| total: | 37 | 5615g | / | 815w |
| Spirit Tower | 2 | 290 | / | 80 |
| Crypt | 1 | 200 | / | 50 |
| Graveyard | 1 | 215 | / | 0 |
| Altar of Darkness | 2 | 360 | / | 100 |
| Ziggurat | 6 | 900 | / | 300 |
| Tomb of Relics | 1 | 130 | / | 30 |
| Slaughterhouse | 2 | 280 | / | 270 |
| Halls of the Dead | 1 | 320 | / | 210 |
| Black Citadel | 1 | 325 | / | 230 |
| total: | 13 | 2085g | / | 750w |
| 0:03 | Acolyte |
| 0:05 | Crypt |
| 0:09 | Graveyard |
| 0:16 | Acolyte |
| 0:17 | Acolyte |
| 0:39 | Altar of Darkness |
| 0:56 | Ziggurat |
| 1:07 | Ghoul |
| 1:33 | Tomb of Relics |
| 1:47 | Crypt Fiend |
| 2:03 | Ziggurat |
| 2:20 | Crypt Fiend |
| 2:44 | Rod of Necromancy |
| 2:46 | Death Coil |
| 2:57 | Crypt Fiend |
| 3:20 | Acolyte |
| 3:22 | Ghoul |
| 3:43 | Acolyte |
| 3:55 | Halls of the Dead |
| 4:03 | Ziggurat |
| 4:24 | Unholy Aura |
| 4:38 | Crypt Fiend |
| 5:05 | Dust of Appearance |
| 5:17 | Crypt Fiend |
| 5:23 | Rod of Necromancy |
| 6:28 | Acolyte |
| 6:45 | Slaughterhouse |
| 6:47 | Acolyte |
| 6:47 | Acolyte |
| 7:25 | Rod of Necromancy |
| 7:30 | Acolyte |
| 7:48 | Obsidian Statue |
| 8:02 | Ziggurat |
| 8:04 | Black Citadel |
| 8:07 | Frost Nova |
| 8:16 | Ghoul |
| 8:31 | Gargoyle |
| 8:34 | Creature Attack |
| 8:57 | Crypt Fiend |
| 8:58 | Obsidian Statue |
| 9:12 | Crypt Fiend |
| 9:34 | Crypt Fiend |
| 9:36 | Improved Creature Attack |
| 10:35 | Destroyer Form |
| 10:45 | Crypt Fiend |
| 11:03 | Orb of Corruption |
| 11:15 | Rod of Necromancy |
| 11:28 | Advanced Creature Attack |
| 11:33 | Ziggurat |
| 12:11 | Impale |
| 12:33 | Obsidian Statue |
| 12:33 | Obsidian Statue |
| 12:43 | Obsidian Statue |
| 13:02 | Acolyte |
| 13:09 | Crypt Fiend |
| 13:13 | Abomination |
| 13:17 | Slaughterhouse |
| 13:20 | Acolyte |
| 13:33 | Altar of Darkness |
| 13:38 | Ziggurat |
| 14:03 | Acolyte |
| 14:03 | Acolyte |
| 14:03 | Acolyte |
| 14:35 | Abomination |
| 14:38 | Obsidian Statue |
| 15:08 | Disease Cloud |
| 15:21 | Obsidian Statue |
| 16:01 | Spirit Tower |
| Select group | 3030 |
| Right click | 1233 |
| Select | 617 |
| Misc. action | 290 |
| Assign group | 187 |
| Build/train/purchase | 109 |
| Use ability | 50 |
| Resource trade | 10 |
| Esc | 8 |
| Chat | 4 |
| Minimap ping | 3 |
| Item give/drop | 1 |
| Remove unit | 1 |

| Scroll of Regeneration | 4 | 400 |
| Lesser Clarity Potion | 3 | 210 |
| Potion of Healing | 2 | 300 |
| Scroll of Town Portal | 1 | 350 |
| total: | 10 | 1260g |
| Peasant | 22 | 1650 | / | 0 |
| Footman | 4 | 540 | / | 0 |
| Rifleman | 27 | 5535 | / | 810 |
| total: | 53 | 7725g | / | 810w |
| Scout Tower | 6 | 180 | / | 120 |
| Arcane Tower | 1 | 70 | / | 50 |
| Guard Tower | 8 | 560 | / | 400 |
| Barracks | 2 | 320 | / | 120 |
| Farm | 11 | 880 | / | 220 |
| Altar of Kings | 1 | 180 | / | 50 |
| Blacksmith | 1 | 140 | / | 60 |
| Town Hall | 1 | 385 | / | 205 |
| Arcane Vault | 1 | 130 | / | 30 |
| Lumber Mill | 1 | 120 | / | 0 |
| Keep | 2 | 640 | / | 420 |
| total: | 24 | 2335g | / | 805w |
| 0:02 | Peasant |
| 0:02 | Peasant |
| 0:07 | Barracks |
| 0:09 | Farm |
| 0:15 | Altar of Kings |
| 0:39 | Peasant |
| 0:49 | Farm |
| 0:59 | Peasant |
| 1:13 | Footman |
| 1:16 | Peasant |
| 1:30 | Farm |
| 1:35 | Farm |
| 1:36 | Footman |
| 1:43 | Peasant |
| 1:44 | Peasant |
| 2:02 | Peasant |
| 2:06 | Footman |
| 2:06 | Footman |
| 2:20 | Blacksmith |
| 2:36 | Peasant |
| 2:36 | Peasant |
| 2:44 | Holy Light |
| 2:57 | Peasant |
| 2:57 | Peasant |
| 2:57 | Peasant |
| 2:57 | Peasant |
| 3:20 | Peasant |
| 3:38 | Divine Shield |
| 3:41 | Town Hall |
| 4:12 | Black Gunpowder |
| 4:13 | Refined Gunpowder |
| 4:23 | Farm |
| 4:48 | Rifleman |
| 4:59 | Rifleman |
| 5:05 | Farm |
| 5:07 | Peasant |
| 5:07 | Peasant |
| 5:22 | Studded Leather Armor |
| 5:22 | Rifleman |
| 5:22 | Rifleman |
| 5:45 | Barracks |
| 5:48 | Arcane Vault |
| 6:03 | Rifleman |
| 6:11 | Holy Light |
| 6:25 | Rifleman |
| 6:41 | Scroll of Regeneration |
| 6:44 | Lesser Clarity Potion |
| 6:44 | Lesser Clarity Potion |
| 6:49 | Rifleman |
| 6:56 | Rifleman |
| 7:15 | Rifleman |
| 7:15 | Rifleman |
| 7:15 | Rifleman |
| 7:19 | Peasant |
| 7:19 | Peasant |
| 7:29 | Farm |
| 7:55 | Keep |
| 8:02 | Farm |
| 8:12 | Farm |
| 8:37 | Rifleman |
| 8:37 | Rifleman |
| 9:08 | Rifleman |
| 9:08 | Rifleman |
| 9:11 | Divine Shield |
| 9:17 | Rifleman |
| 9:17 | Rifleman |
| 9:31 | Farm |
| 9:35 | Farm |
| 9:38 | Scroll of Regeneration |
| 9:38 | Lesser Clarity Potion |
| 9:58 | Rifleman |
| 9:58 | Rifleman |
| 10:22 | Imbued Gunpowder |
| 10:23 | Long Rifles |
| 10:52 | Rifleman |
| 11:16 | Scout Tower |
| 11:34 | Scout Tower |
| 11:45 | Arcane Tower |
| 11:48 | Lumber Mill |
| 12:02 | Rifleman |
| 12:02 | Rifleman |
| 12:02 | Rifleman |
| 12:15 | Scout Tower |
| 12:26 | Guard Tower |
| 12:30 | Peasant |
| 12:47 | Peasant |
| 12:47 | Peasant |
| 12:49 | Improved Lumber Harvesting |
| 13:05 | Scroll of Town Portal |
| 13:32 | Reinforced Leather Armor |
| 14:06 | Rifleman |
| 14:06 | Rifleman |
| 14:26 | Guard Tower |
| 14:28 | Scout Tower |
| 14:56 | Improved Masonry |
| 14:56 | Advanced Masonry |
| 15:03 | Guard Tower |
| 15:16 | Scroll of Regeneration |
| 15:25 | Rifleman |
| 15:28 | Scout Tower |
| 15:34 | Scout Tower |
| 15:42 | Potion of Healing |
| 15:53 | Scroll of Regeneration |
| 15:56 | Rifleman |
| 16:14 | Potion of Healing |
| 16:21 | Guard Tower |
| Right click | 1752 |
| Select | 495 |
| Select group | 480 |
| Build/train/purchase | 139 |
| Assign group | 35 |
| Use ability | 24 |
| Minimap ping | 13 |
| Remove unit | 1 |


| Rod of Necromancy | 4 | 600 |
| Potion of Mana | 2 | 400 |
| Potion of Healing | 1 | 150 |
| Healing Salve | 1 | 100 |
| total: | 8 | 1250g |
| Acolyte | 6 | 450 | / | 0 |
| Ghoul | 8 | 960 | / | 0 |
| Crypt Fiend | 9 | 1935 | / | 360 |
| Obsidian Statue | 3 | 600 | / | 105 |
| total: | 26 | 3945g | / | 465w |
| Nerubian Tower | 1 | 100 | / | 20 |
| Spirit Tower | 6 | 870 | / | 240 |
| Crypt | 2 | 400 | / | 100 |
| Altar of Darkness | 3 | 540 | / | 150 |
| Ziggurat | 6 | 900 | / | 300 |
| Tomb of Relics | 1 | 130 | / | 30 |
| Graveyard | 1 | 215 | / | 0 |
| Slaughterhouse | 2 | 280 | / | 270 |
| Halls of the Dead | 2 | 640 | / | 420 |
| Black Citadel | 2 | 650 | / | 460 |
| total: | 15 | 2465g | / | 850w |
| 0:02 | Acolyte |
| 0:07 | Crypt |
| 0:09 | Crypt |
| 0:10 | Altar of Darkness |
| 0:12 | Altar of Darkness |
| 0:13 | Altar of Darkness |
| 0:15 | Acolyte |
| 0:35 | Ziggurat |
| 0:57 | Tomb of Relics |
| 1:10 | Ghoul |
| 1:29 | Ghoul |
| 1:37 | Graveyard |
| 1:52 | Ghoul |
| 2:03 | Ghoul |
| 2:20 | Ziggurat |
| 2:27 | Death Coil |
| 2:31 | Rod of Necromancy |
| 2:31 | Rod of Necromancy |
| 2:42 | Nerubian Tower |
| 3:19 | Halls of the Dead |
| 3:50 | Crypt Fiend |
| 4:20 | Unholy Aura |
| 4:38 | Crypt Fiend |
| 4:44 | Ziggurat |
| 5:23 | Spirit Tower |
| 5:36 | Crypt Fiend |
| 6:01 | Death Coil |
| 6:19 | Ghoul |
| 6:19 | Ghoul |
| 6:24 | Acolyte |
| 6:28 | Slaughterhouse |
| 6:30 | Ghoul |
| 7:06 | Ghoul |
| 7:42 | Obsidian Statue |
| 8:17 | Ziggurat |
| 8:33 | Ziggurat |
| 8:34 | Rod of Necromancy |
| 8:36 | Potion of Mana |
| 8:57 | Creature Attack |
| 8:57 | Improved Creature Attack |
| 10:39 | Crypt Fiend |
| 10:39 | Rod of Necromancy |
| 10:45 | Frost Nova |
| 10:53 | Obsidian Statue |
| 10:54 | Black Citadel |
| 11:06 | Crypt Fiend |
| 11:33 | Crypt Fiend |
| 11:50 | Crypt Fiend |
| 11:51 | Web |
| 12:57 | Obsidian Statue |
| 12:58 | Crypt Fiend |
| 12:58 | Creature Carapace |
| 12:59 | Improved Creature Carapace |
| 13:10 | Ziggurat |
| 14:25 | Crypt Fiend |
| 14:26 | Destroyer Form |
| 14:30 | Acolyte |
| 14:43 | Spirit Tower |
| 14:58 | Spirit Tower |
| 15:01 | Acolyte |
| 15:01 | Acolyte |
| 15:04 | Slaughterhouse |
| 15:24 | Potion of Healing |
| 15:28 | Healing Salve |
| 15:44 | Potion of Mana |
| Right click | 1397 |
| Select group | 785 |
| Select | 398 |
| Assign group | 182 |
| Misc. action | 166 |
| Build/train/purchase | 102 |
| Use ability | 41 |
| Esc | 3 |
| Item give/drop | 2 |
123 units @ 16.6k
/ 1.8k
71 buildings @ 9.5k
/ 3.4k



| Scroll of Regeneration | 2 | 200 |
| Lesser Clarity Potion | 7 | 490 |
| Staff of Sanctuary | 1 | 250 |
| Orb of Fire | 1 | 325 |
| Potion of Mana | 1 | 200 |
| Scroll of Town Portal | 4 | 1400 |
| Scroll of Healing | 1 | 250 |
| Potion of Lesser Invulnerability | 1 | 150 |
| total: | 18 | 3265g |
| Peasant | 23 | 1725 | / | 0 |
| Footman | 13 | 1755 | / | 0 |
| Knight | 5 | 1225 | / | 300 |
| Flying Machine | 5 | 500 | / | 150 |
| Forest Troll Berserker | 1 | 245 | / | 30 |
| total: | 47 | 5450g | / | 480w |
| Scout Tower | 5 | 150 | / | 100 |
| Arcane Tower | 2 | 140 | / | 100 |
| Guard Tower | 1 | 70 | / | 50 |
| Altar of Kings | 1 | 180 | / | 50 |
| Farm | 11 | 880 | / | 220 |
| Barracks | 3 | 480 | / | 180 |
| Town Hall | 1 | 385 | / | 205 |
| Arcane Vault | 1 | 130 | / | 30 |
| Lumber Mill | 1 | 120 | / | 0 |
| Blacksmith | 1 | 140 | / | 60 |
| Workshop | 2 | 280 | / | 280 |
| Keep | 1 | 320 | / | 210 |
| Castle | 1 | 360 | / | 210 |
| total: | 26 | 2745g | / | 1125w |
| 0:02 | Peasant |
| 0:02 | Peasant |
| 0:08 | Altar of Kings |
| 0:18 | Farm |
| 0:24 | Barracks |
| 0:28 | Peasant |
| 0:30 | Peasant |
| 0:49 | Farm |
| 1:00 | Peasant |
| 1:01 | Peasant |
| 1:25 | Footman |
| 1:30 | Farm |
| 1:33 | Peasant |
| 1:40 | Scout Tower |
| 1:47 | Footman |
| 1:47 | Footman |
| 1:47 | Footman |
| 1:54 | Peasant |
| 2:07 | Summon Water Elemental |
| 2:08 | Footman |
| 2:22 | Farm |
| 2:24 | Peasant |
| 2:38 | Peasant |
| 2:39 | Peasant |
| 2:58 | Peasant |
| 3:05 | Brilliance Aura |
| 3:22 | Footman |
| 3:29 | Town Hall |
| 3:33 | Scout Tower |
| 3:51 | Footman |
| 4:13 | Arcane Vault |
| 4:21 | Summon Water Elemental |
| 4:24 | Arcane Tower |
| 4:29 | Peasant |
| 4:43 | Lumber Mill |
| 5:03 | Keep |
| 5:30 | Blacksmith |
| 6:07 | Footman |
| 6:07 | Footman |
| 6:13 | Scout Tower |
| 6:18 | Scout Tower |
| 6:21 | Scroll of Regeneration |
| 6:21 | Lesser Clarity Potion |
| 6:25 | Arcane Tower |
| 6:26 | Improved Lumber Harvesting |
| 6:36 | Scout Tower |
| 6:58 | Footman |
| 6:59 | Footman |
| 7:24 | Guard Tower |
| 7:28 | Peasant |
| 7:28 | Peasant |
| 7:28 | Peasant |
| 7:28 | Peasant |
| 7:29 | Peasant |
| 7:29 | Peasant |
| 7:32 | Advanced Lumber Harvesting |
| 7:37 | Lesser Clarity Potion |
| 7:59 | Peasant |
| 8:00 | Peasant |
| 8:00 | Peasant |
| 8:10 | Lesser Clarity Potion |
| 8:22 | Storm Bolt |
| 8:25 | Footman |
| 8:32 | Footman |
| 8:47 | Forest Troll Berserker |
| 8:59 | Castle |
| 9:21 | Workshop |
| 9:28 | Brilliance Aura |
| 9:30 | Scroll of Town Portal |
| 9:30 | Potion of Lesser Invulnerability |
| 9:31 | Scroll of Healing |
| 9:39 | Workshop |
| 9:55 | Farm |
| 10:22 | Thunder Clap |
| 10:30 | Barracks |
| 10:31 | Barracks |
| 10:36 | Iron Forged Swords |
| 10:36 | Iron Plating |
| 11:08 | Farm |
| 11:52 | Flak Cannons |
| 12:00 | Animal War Training |
| 12:05 | Knight |
| 12:08 | Peasant |
| 12:11 | Scroll of Town Portal |
| 12:11 | Staff of Sanctuary |
| 12:12 | Orb of Fire |
| 12:12 | Lesser Clarity Potion |
| 12:14 | Lesser Clarity Potion |
| 12:14 | Potion of Mana |
| 12:24 | Improved Masonry |
| 12:31 | Flying Machine |
| 12:37 | Farm |
| 12:40 | Farm |
| 12:42 | Holy Light |
| 13:01 | Farm |
| 13:04 | Farm |
| 13:20 | Knight |
| 13:21 | Flying Machine |
| 13:21 | Flying Machine |
| 13:30 | Scroll of Town Portal |
| 13:50 | Flying Machine |
| 14:06 | Knight |
| 14:12 | Flying Machine |
| 14:44 | Knight |
| 14:45 | Farm |
| 15:27 | Storm Bolt |
| 16:05 | Knight |
| 16:12 | Scroll of Town Portal |
| 16:13 | Scroll of Regeneration |
| 16:19 | Steel Forged Swords |
| 16:20 | Steel Plating |
| 16:35 | Lesser Clarity Potion |
| 16:35 | Lesser Clarity Potion |
| Select group | 612 |
| Right click | 492 |
| Select | 351 |
| Build/train/purchase | 128 |
| Misc. action | 81 |
| Assign group | 43 |
| Use ability | 18 |
| Chat | 16 |
| Minimap ping | 9 |
| Item give/drop | 4 |
| Esc | 4 |


| Rod of Necromancy | 3 | 450 |
| Sacrificial Skull | 1 | 50 |
| Potion of Mana | 2 | 400 |
| Potion of Healing | 4 | 600 |
| Orb of Corruption | 1 | 375 |
| Scroll of Town Portal | 2 | 700 |
| total: | 13 | 2575g |
| Acolyte | 9 | 675 | / | 0 |
| Ghoul | 4 | 480 | / | 0 |
| Crypt Fiend | 11 | 2365 | / | 440 |
| Obsidian Statue | 3 | 600 | / | 105 |
| Frost Wyrm | 1 | 385 | / | 120 |
| total: | 28 | 4505g | / | 665w |
| Nerubian Tower | 2 | 200 | / | 40 |
| Spirit Tower | 1 | 145 | / | 40 |
| Graveyard | 1 | 215 | / | 0 |
| Crypt | 6 | 1200 | / | 300 |
| Altar of Darkness | 1 | 180 | / | 50 |
| Ziggurat | 8 | 1200 | / | 400 |
| Tomb of Relics | 1 | 130 | / | 30 |
| Necropolis | 1 | 225 | / | 0 |
| Slaughterhouse | 1 | 140 | / | 135 |
| Boneyard | 1 | 175 | / | 200 |
| Halls of the Dead | 1 | 320 | / | 210 |
| Black Citadel | 1 | 325 | / | 230 |
| total: | 20 | 3465g | / | 1115w |
| 0:03 | Acolyte |
| 0:07 | Graveyard |
| 0:09 | Crypt |
| 0:18 | Acolyte |
| 0:44 | Altar of Darkness |
| 1:01 | Ziggurat |
| 1:12 | Ghoul |
| 1:30 | Tomb of Relics |
| 1:52 | Crypt Fiend |
| 2:03 | Ziggurat |
| 2:24 | Crypt Fiend |
| 2:50 | Carrion Beetles |
| 2:58 | Crypt Fiend |
| 3:01 | Rod of Necromancy |
| 3:10 | Sacrificial Skull |
| 3:23 | Acolyte |
| 3:36 | Ghoul |
| 3:50 | Acolyte |
| 3:51 | Acolyte |
| 3:52 | Acolyte |
| 3:54 | Acolyte |
| 4:09 | Acolyte |
| 4:26 | Ziggurat |
| 4:39 | Impale |
| 4:40 | Acolyte |
| 5:04 | Crypt |
| 5:05 | Crypt |
| 5:09 | Halls of the Dead |
| 5:28 | Necropolis |
| 5:30 | Nerubian Tower |
| 5:49 | Impale |
| 6:04 | Crypt Fiend |
| 6:08 | Ziggurat |
| 6:21 | Crypt |
| 6:36 | Crypt |
| 6:38 | Crypt |
| 6:41 | Crypt Fiend |
| 6:48 | Ziggurat |
| 7:04 | Crypt Fiend |
| 7:10 | Spirit Tower |
| 7:26 | Nerubian Tower |
| 7:28 | Crypt Fiend |
| 7:54 | Ghoul |
| 8:13 | Scroll of Town Portal |
| 8:13 | Potion of Mana |
| 8:18 | Burrow |
| 8:22 | Slaughterhouse |
| 8:48 | Frost Nova |
| 8:51 | Rod of Necromancy |
| 8:51 | Potion of Mana |
| 8:52 | Potion of Healing |
| 8:59 | Web |
| 9:32 | Obsidian Statue |
| 9:56 | Black Citadel |
| 10:34 | Carrion Beetles |
| 10:47 | Obsidian Statue |
| 10:48 | Crypt Fiend |
| 11:08 | Ziggurat |
| 11:10 | Creature Attack |
| 11:12 | Dark Ritual |
| 11:34 | Ghoul |
| 11:46 | Crypt Fiend |
| 11:55 | Creature Carapace |
| 12:51 | Potion of Healing |
| 12:51 | Potion of Healing |
| 12:56 | Scroll of Town Portal |
| 12:57 | Orb of Corruption |
| 12:57 | Potion of Healing |
| 13:01 | Rod of Necromancy |
| 13:09 | Destroyer Form |
| 13:19 | Boneyard |
| 14:33 | Frost Wyrm |
| 14:34 | Frost Nova |
| 14:35 | Crypt Fiend |
| 14:37 | Obsidian Statue |
| 14:57 | Ziggurat |
| 15:00 | Ziggurat |
| 15:29 | Crypt Fiend |
| 16:11 | Impale |
| Right click | 542 |
| Select group | 519 |
| Select | 303 |
| Misc. action | 199 |
| Assign group | 152 |
| Build/train/purchase | 116 |
| Use ability | 53 |
| Chat | 24 |
| Item give/drop | 8 |
| Esc | 3 |



| Scroll of Regeneration | 1 | 100 |
| Scroll of Town Portal | 1 | 350 |
| total: | 2 | 450g |
| Peasant | 17 | 1275 | / | 0 |
| Rifleman | 9 | 1845 | / | 270 |
| Knight | 3 | 735 | / | 180 |
| total: | 29 | 3855g | / | 450w |
| Altar of Kings | 1 | 180 | / | 50 |
| Farm | 8 | 640 | / | 160 |
| Blacksmith | 1 | 140 | / | 60 |
| Barracks | 1 | 160 | / | 60 |
| Lumber Mill | 1 | 120 | / | 0 |
| Arcane Vault | 1 | 130 | / | 30 |
| Keep | 1 | 320 | / | 210 |
| Castle | 1 | 360 | / | 210 |
| total: | 13 | 1370g | / | 360w |
| 0:02 | Peasant |
| 0:03 | Peasant |
| 0:03 | Peasant |
| 0:34 | Altar of Kings |
| 0:36 | Farm |
| 0:38 | Peasant |
| 0:49 | Blacksmith |
| 1:02 | Peasant |
| 1:04 | Barracks |
| 1:13 | Farm |
| 1:19 | Peasant |
| 1:30 | Peasant |
| 1:47 | Peasant |
| 1:57 | Farm |
| 2:00 | Rifleman |
| 2:05 | Farm |
| 2:25 | Rifleman |
| 2:34 | Holy Light |
| 3:03 | Keep |
| 3:17 | Rifleman |
| 3:37 | Rifleman |
| 3:57 | Farm |
| 3:57 | Farm |
| 4:02 | Divine Shield |
| 4:26 | Black Gunpowder |
| 4:38 | Rifleman |
| 5:03 | Holy Light |
| 5:09 | Rifleman |
| 5:34 | Long Rifles |
| 5:41 | Castle |
| 5:59 | Lumber Mill |
| 6:03 | Rifleman |
| 6:34 | Rifleman |
| 6:38 | Siphon Mana |
| 7:18 | Scroll of Regeneration |
| 8:04 | Devotion Aura |
| 8:23 | Farm |
| 8:23 | Farm |
| 8:26 | Animal War Training |
| 8:27 | Refined Gunpowder |
| 8:39 | Scroll of Town Portal |
| 9:19 | Peasant |
| 9:19 | Peasant |
| 9:20 | Peasant |
| 9:20 | Peasant |
| 9:34 | Peasant |
| 9:39 | Banish |
| 11:10 | Siphon Mana |
| 11:30 | Knight |
| 11:30 | Knight |
| 11:32 | Peasant |
| 11:33 | Peasant |
| 11:33 | Peasant |
| 11:33 | Peasant |
| 11:58 | Storm Bolt |
| 12:08 | Holy Light |
| 13:02 | Knight |
| 13:17 | Arcane Vault |
| 14:15 | Bash |
| 14:38 | Rifleman |
| 15:22 | Banish |
| 16:40 | Storm Bolt |
| Right click | 498 |
| Select group | 368 |
| Select | 300 |
| Misc. action | 156 |
| Use ability | 73 |
| Build/train/purchase | 64 |
| Assign group | 21 |
| Chat | 12 |
| Minimap ping | 7 |
| Item give/drop | 4 |
| Remove unit | 1 |


| Healing Salve | 3 | 300 |
| Lesser Clarity Potion | 2 | 140 |
| Potion of Healing | 1 | 150 |
| Potion of Mana | 1 | 200 |
| Scroll of Town Portal | 2 | 700 |
| Scroll of Healing | 2 | 500 |
| Staff of Teleportation | 1 | 150 |
| Boots of Speed | 1 | 250 |
| Potion of Lesser Invulnerability | 1 | 150 |
| total: | 14 | 2540g |
| Peon | 8 | 600 | / | 0 |
| Grunt | 6 | 1200 | / | 0 |
| Raider | 2 | 360 | / | 80 |
| Spirit Walker | 2 | 390 | / | 70 |
| Kodo Beast | 1 | 255 | / | 60 |
| total: | 19 | 2805g | / | 210w |
| Altar of Storms | 1 | 180 | / | 50 |
| Orc Burrow | 4 | 640 | / | 160 |
| Barracks | 1 | 180 | / | 50 |
| Voodoo Lounge | 2 | 260 | / | 60 |
| War Mill | 1 | 205 | / | 0 |
| Beastiary | 2 | 290 | / | 280 |
| Tauren Totem | 1 | 135 | / | 155 |
| Stronghold | 2 | 630 | / | 380 |
| Fortress | 2 | 650 | / | 380 |
| total: | 12 | 1890g | / | 755w |
| 0:03 | Peon |
| 0:03 | Peon |
| 0:11 | Altar of Storms |
| 0:20 | Orc Burrow |
| 0:25 | Peon |
| 0:38 | Barracks |
| 0:44 | Peon |
| 1:18 | Peon |
| 1:23 | Voodoo Lounge |
| 1:29 | Peon |
| 1:31 | Orc Burrow |
| 1:39 | Peon |
| 1:42 | Grunt |
| 2:06 | Peon |
| 2:12 | Wind Walk |
| 2:42 | Stronghold |
| 2:51 | Grunt |
| 2:59 | Voodoo Lounge |
| 3:35 | Grunt |
| 4:03 | Staff of Teleportation |
| 4:03 | Boots of Speed |
| 4:14 | War Mill |
| 5:28 | Beastiary |
| 5:29 | Beastiary |
| 5:33 | Orc Burrow |
| 5:44 | Critical Strike |
| 6:08 | Healing Salve |
| 6:13 | Lesser Clarity Potion |
| 6:16 | Healing Salve |
| 6:32 | Steel Melee Weapons |
| 6:36 | Pillage |
| 7:02 | Berserker Strength |
| 7:20 | Lesser Clarity Potion |
| 7:41 | Healing Salve |
| 7:41 | Potion of Healing |
| 7:42 | Potion of Mana |
| 7:48 | Grunt |
| 8:14 | Scroll of Town Portal |
| 8:30 | Ensnare |
| 8:47 | Potion of Lesser Invulnerability |
| 8:55 | Raider |
| 9:03 | Reinforced Defenses |
| 10:05 | Healing Wave |
| 10:14 | Wind Walk |
| 10:36 | Grunt |
| 10:36 | Grunt |
| 10:48 | Hex |
| 11:16 | Raider |
| 11:19 | Orc Burrow |
| 11:20 | Tauren Totem |
| 11:42 | Steel Armor |
| 11:47 | Scroll of Town Portal |
| 11:50 | Scroll of Healing |
| 11:50 | Scroll of Healing |
| 12:37 | Spirit Walker |
| 12:47 | Spirit Walker Adept Training |
| 13:21 | Critical Strike |
| 14:08 | Healing Wave |
| 14:15 | Spirit Walker |
| 14:42 | Fortress |
| 15:08 | Kodo Beast |
| 16:39 | Critical Strike |
| Right click | 938 |
| Select group | 729 |
| Select | 229 |
| Chat | 108 |
| Build/train/purchase | 95 |
| Use ability | 61 |
| Assign group | 33 |
| Misc. action | 32 |
| Item give/drop | 7 |
| Minimap ping | 6 |
⇛